 Dungeon Crawl Stone Soup version 0.23-a0-373-g305c090 (webtiles) character file.

4275 George the Cleaver (level 10, -2/86 HPs)
             Began as a Minotaur Gladiator on Oct 25, 2018.
             Was a Believer of Qazlal.
             Slain by a death yak (12 damage)
             ... on level 7 of the Dungeon.
             The game lasted 00:09:22 (6971 turns).

George the Cleaver (Minotaur Gladiator)             Turns: 6971, Time: 00:09:22

Health: -2/86      AC: 12    Str: 25    XL:     10   Next: 10%
Magic:  13/13      EV: 13    Int:  5    God:    Qazlal [**....]
Gold:   144        SH:  3    Dex: 11    Spells: 9/9 levels left

rFire    . . .     SeeInvis .   a - +1 war axe
rCold    . . .     Gourm    .   (no shield)
rNeg     . . .     Faith    .   k - +2 scale mail of the Stars {rPois Str+2 Stlth+}
rPois    +         Spirit   .   c - +0 hat
rElec    .         Reflect  .   C - +1 cloak
rCorr    .         Harm     .   (no gloves)
MR       +....                  (no boots)
Stlth    +.........             z - amulet of the acrobat
HPRegen  0.24/turn              q - ring of protection from magic
MPRegen  0.13/turn              B - +4 ring of slaying

@: no status effects
A: retaliatory headbutt, horns 2
a: Upheaval, Renounce Religion


You were on level 7 of the Dungeon.
You worshipped Qazlal.
Qazlal was pleased with you.
You were not hungry.

You visited 2 branches of the dungeon, and saw 9 of its levels.

You collected 414 gold pieces.
You spent 270 gold pieces at shops.

Inventory:

Hand Weapons
 a - a +1 war axe (weapon)
Missiles
 d - 4 throwing nets (quivered)
Armour
 c - a +0 hat (worn)
 k - the +2 scale mail of the Stars (worn) {rPois Str+2 Stlth+}
   (You bought it in a shop on level 5 of the Dungeon)

   It affects your strength (+2).
   It protects you from poison.
   It makes you more stealthy.
 C - a +1 cloak (worn)
Jewellery
 b - an uncursed ring of protection from cold
 q - a ring of protection from magic (left hand)
 z - an amulet of the acrobat (around neck)
 B - a +4 ring of slaying (right hand)
Wands
 u - a wand of digging (9)
 y - a wand of polymorph (13)
 D - a wand of clouds (4)
Scrolls
 g - 2 scrolls of amnesia {unknown}
 i - a scroll of magic mapping {unknown}
 j - 2 scrolls of identify
 m - a scroll of noise {unknown}
 o - a scroll of blinking {unknown}
 w - 7 scrolls of remove curse
 x - 4 scrolls of teleportation {unknown}
Potions
 e - 4 potions of agility
 h - 7 potions of curing
 l - 3 potions of might
 n - 4 potions of heal wounds {unknown}
 p - a potion of resistance {unknown}
 r - a potion of flight {unknown}
 s - a potion of cancellation {unknown}
 t - a potion of mutation {unknown}
 v - 2 potions of invisibility {unknown}
 A - 2 potions of magic {unknown}
 E - a potion of haste
Comestibles
 f - 11 rations
 F - 2 chunks of flesh


   Skills:
 + Level 7.3 Fighting
 + Level 11.2 Axes
 - Level 2.0 Throwing
 + Level 6.8 Armour
 + Level 7.2 Dodging
 + Level 5.6 Invocations


You had 9 spell levels left.
You didn't know any spells.
Your spell library was empty.

Dungeon Overview and Level Annotations

Branches:
Dungeon (8/15)             Temple (1/1) D:4            Lair (0/6) D:8

Altars:
Ashenzari
Cheibriados
Dithmenos
Elyvilon
Fedhas
Gozag
Hepliaklqana
Kikubaaqudgha
Makhleb
Nemelex Xobeh
Qazlal
Ru
Sif Muna
Trog
Uskayaw
Vehumet
Wu Jian
Xom
Yredelemnul
Zin
The Shining One

Shops:
D:5 [


Innate Abilities, Weirdness & Mutations

You reflexively headbutt those who attack you in melee.
You have a pair of horns on your head.


Message History

The death yak is heavily wounded.
The death yak is engulfed in blazing flames.
The death yak gores you!
* * * LOW HITPOINT WARNING * * *
You slash the death yak!
The death yak is severely wounded.
The death yak is engulfed in blazing flames.
The death yak gores you but does no damage.
You slash the death yak!
The death yak is almost dead.
The death yak gores you!
* * * LOW HITPOINT WARNING * * *
Evoke which item? (* to show all) (? for menu, Esc to quit)
Aiming: Cloud Cone
Press: ? - help, Dir - move target cursor, f - death yak
Aim: a death yak (almost dead)
You create a blast of poison gas!
The death yak is engulfed in poison gas.
The death yak is poisoned.
The death yak gores you!
You die...

.....###.........###...#.#.#
.........#.........#.......#
.........#.......#.####.#..#
...#.##..#.......#.####.#..##
#..............).#..........#
......#...........##........#
[.....##.....##.....§....#..#
......###....##.§.§§§....'>.#####
#...............@Y§#.....##.....#
###.##........#§§.§####'#######.#
###'##..................# #.#
.....'.................## #.#
.....#........#..#.###.## ####.#
.....######'###..#......# #....#
.....# #.###.........# #.####
.....######.#...#.......####...#
)....#......#.#.#.##.........#.#


You could see a death yak.

Vanquished Creatures
  A death yak (D:8)
  Grinder (D:5)
  A hippogriff (D:7)
  A meliai zombie (D:7)
  Sigmund (D:2)
  A spriggan (D:7)
  Menkaure (D:6)
  2 water moccasins (D:7)
  An orc warrior (D:8)
  A porcupine (D:8)
  A sky beast (D:8)
  A necrophage (D:7)
  3 eyes of draining (D:4)
  A centaur (D:5)
  4 ogres
  3 bullfrogs
  A wyvern skeleton (D:6)
  5 killer bees (D:7)
  A crimson imp (D:5)
  5 hounds
  5 jellies
  Crazy Yiuf (D:2)
  An orc wizard (D:4)
  3 orc priests
  A centaur skeleton (D:8)
  A bullfrog skeleton (D:6)
  Jessica (D:2)
  5 worker ants
  An iguana (D:7)
  A hound zombie (D:6)
  3 gnolls (D:3)
  9 adders
  3 shadow imps
  3 oozes
  An adder skeleton (D:6)
  A worm (D:2)
  4 dart slugs
  6 leopard geckos
  21 orcs
  2 ball pythons (D:4)
  5 giant cockroaches
  4 goblins
  8 hobgoblins
  7 jackals
  5 kobolds
  7 quokkas
  11 bats
  2 frilled lizards
  A quokka skeleton (D:3)
  5 rats
164 creatures vanquished.

Vanquished Creatures (others)
  5 dream sheep (D:4)
  A leopard gecko (D:4)
6 creatures vanquished.

Grand Total: 170 creatures vanquished

Notes
Turn   | Place    | Note
-------+----------+-------------------------------------------
     0 | D:1      | George the Minotaur Gladiator began the quest for the Orb.
     0 | D:1      | Reached XP level 1. HP: 18/18 MP: 0/0
     6 | D:1      | Noticed a wolf
     7 | D:1      | Noticed a four-headed hydra
     7 | D:1      | Noticed a water moccasin
    23 | D:1      | Reached skill level 4 in Axes
    93 | D:1      | Reached XP level 2. HP: 23/25 MP: 1/1
   297 | D:1      | Reached skill level 5 in Axes
   318 | D:1      | Reached XP level 3. HP: 25/30 MP: 2/2
   985 | D:2      | Noticed Jessica
   991 | D:2      | Killed Jessica
  1165 | D:2      | Noticed Sigmund
  1174 | D:2      | Reached XP level 4. HP: 19/37 MP: 3/3
  1198 | D:2      | Reached skill level 6 in Axes
  1360 | D:2      | Killed Sigmund
  1360 | D:2      | Reached skill level 7 in Axes
  1360 | D:2      | Reached XP level 5. HP: 24/42 MP: 4/4
  1670 | D:2      | Found a runed door.
  1819 | D:2      | Reached skill level 8 in Axes
  1864 | D:2      | Noticed Crazy Yiuf
  1873 | D:2      | Killed Crazy Yiuf
  1873 | D:2      | Reached XP level 6. HP: 26/50 MP: 2/5
  2153 | D:3      | Found a sparkling altar of Nemelex Xobeh.
  2153 | D:3      | Found a glowing silver altar of Zin.
  3174 | D:4      | Reached skill level 9 in Axes
  3195 | D:4      | Found a radiant altar of Vehumet.
  3215 | D:4      | Found a stormy altar of Qazlal.
  3215 | D:4      | Found a sacrificial altar of Ru.
  3221 | D:4      | Became a worshipper of Qazlal Stormbringer
  3470 | D:4      | Reached skill level 1 in Armour
  3500 | D:4      | Found a staircase to the Ecumenical Temple.
  3543 | D:4      | Reached skill level 1 in Invocations
  3543 | D:4      | Reached XP level 7. HP: 43/56 MP: 6/6
  3827 | D:4      | Found a shimmering altar of Xom.
  3827 | D:4      | Noticed a dream sheep
  3827 | D:4      | Noticed a dream sheep
  3827 | D:4      | Noticed a dream sheep
  3827 | D:4      | Noticed a dream sheep
  3827 | D:4      | Noticed a dream sheep
  3831 | D:4      | Killed a dream sheep
  3831 | D:4      | Killed a dream sheep
  3831 | D:4      | Killed a dream sheep
  3833 | D:4      | Killed a dream sheep
  3833 | D:4      | Killed a dream sheep
  3892 | D:4      | Found a bloodstained altar of Trog.
  3902 | D:4      | Reached * piety under Qazlal
  4597 | Temple   | Entered the Ecumenical Temple
  4704 | D:5      | Entered Level 5 of the Dungeon
  4728 | D:5      | Reached XP level 8. HP: 56/66 MP: 8/8
  5104 | D:5      | Noticed Grinder
  5114 | D:5      | Killed Grinder
  5114 | D:5      | Reached skill level 5 in Dodging
  5360 | D:5      | Found Koihe's Antique Armour Emporium.
  5366 | D:5      | Bought a heavily runed scale mail for 270 gold pieces
  5376 | D:5      | Identified the +2 scale mail of the Stars {rPois Str+2
                  | Stlth+} (You bought it in a shop on level 5 of the Dungeon)
  5438 | D:6      | Reached skill level 5 in Fighting
  5438 | D:6      | Reached skill level 10 in Axes
  5502 | D:6      | Found a blossoming altar of Fedhas.
  5574 | D:6      | Noticed Menkaure
  5586 | D:6      | Killed Menkaure
  5738 | D:6      | Reached ** piety under Qazlal
  6087 | D:7      | Reached XP level 9. HP: 66/74 MP: 11/11
  6089 | D:7      | Found a shattered altar of Ashenzari.
  6107 | D:7      | Reached skill level 5 in Armour
  6115 | D:7      | Found a deep blue altar of Sif Muna.
  6672 | D:7      | Reached skill level 5 in Invocations
  6739 | D:8      | Found a staircase to the Lair.
  6739 | D:8      | Noticed a death yak
  6763 | D:8      | Killed a death yak
  6763 | D:8      | Reached skill level 11 in Axes
  6763 | D:8      | Reached XP level 10. HP: 39/86 MP: 11/13
  6925 | D:8      | Noticed a death yak
  6927 | D:8      | Noticed a death yak
  6971 | D:7      | Slain by a death yak

Vault maps used:
D:1:      onia_arrival_zoo_common, st_stairs_5, kennysheep_boxes
D:2:      minmay_domino_2, uniq_crazy_yiuf_cottage, uniq_sigmund, uniq_jessica
D:3:      gammafunk_temple_overflow_elements, first_ration
D:4:      kb_xom_exploding_sheep, trog_eyes_of_draining,
          grunt_temple_overflow_open, minmay_temple_entry_crystal_x,
          kennysheep_potato
D:5:      serial_shops, shop_fountains, uniq_grinder
D:6:      minivault_10, fedhas_altar_1, uniq_menkaure
D:7:      overflow_temple_1_default, nicolae_ashenzari_panopticon, the_bakery
D:8:      minmay_the_grid_octo_triangle, okawaru_altar_gauntlet_db,
          dpeg_lair_monsters, gammafunk_ghost_grave, minmay_misc_feat_ornament,
          kb_rosetta
Temple:   nicolae_temple_hex_pool

Skill      XL: |  1  2  3  4  5  6  7  8  9 |
---------------+----------------------------+-----
Axes           | 4 5 7 8 9 10 11 | 11.2
Armour         | 1 3 4 6 |  6.8
Invocations    | 1 2 4 5 |  5.6
Fighting       | 4 5 7 |  7.3
Dodging        | 4 5 7 |  7.2
Throwing       | |  2.0

Action                   |  1- 3 |  4- 6 |  7- 9 | 10-12 || total
-------------------------+-------+-------+-------+-------++-------
Melee: War axe           |    44 |   102 |   182 |    28 ||   356
       Headbutt          |     7 |    16 |    43 |     6 ||    72
       Hand axe          |     8 |    23 |       |       ||    31
Evoke: Wand              |       |       |       |     1 ||     1
  Use: Scroll            |     4 |     2 |     2 |       ||     8
  Eat: Chunk             |       |     8 |     7 |     1 ||    16
       Ration            |       |       |     1 |       ||     1
Armor: Leather armour    |    25 |    43 |       |       ||    68
       Scale mail        |       |     3 |    66 |     3 ||    72
Dodge: Dodged            |    36 |    85 |   126 |    11 ||   258
Block: Other             |       |       |    19 |     1 ||    20

Table legend:
 A = Non-vault XP
 B = Vault XP
 C = Vault XP percentage of total XP
 D = Non-vault monster count
 E = Vault monster count
 F = Vault count percentage of total count
                 A         B        C        D         E       F
            +---------+---------+-------+---------+---------+-------
      Total |    3524 |    2584 |  42.3 |     140 |      24 |  14.6
            +---------+---------+-------+---------+---------+-------
        D:1 |      52 |       5 |   8.8 |      20 |       3 |  13.0
        D:2 |      30 |     309 |  91.2 |       8 |       4 |  33.3
        D:3 |     118 |       0 |   0.0 |      31 |       0 |   0.0
        D:4 |     415 |     458 |  52.5 |      24 |       8 |  25.0
        D:5 |     384 |     277 |  41.9 |       8 |       1 |  11.1
        D:6 |     525 |     165 |  23.9 |      18 |       1 |   5.3
        D:7 |    1553 |     211 |  12.0 |      20 |       1 |   4.8
        D:8 |     447 |    1159 |  72.2 |      11 |       6 |  35.3
            +---------+---------+-------+---------+---------+-------
